 Dungeon Crawl Stone Soup version 0.20.1-1-g8b1a95d (webtiles) character file.

16 pstr the Conjurer (level 2, -5/15 HPs)
             Began as a Kobold Conjurer on Nov 11, 2017.
             Slain by Terence
             ... wielding a +2 flail of draining
              (10 damage)
             ... on level 2 of the Dungeon.
             The game lasted 00:04:54 (1206 turns).

pstr the Conjurer (Kobold Conjurer)                 Turns: 1206, Time: 00:04:55

Health: -5/15      AC:  4    Str:  5    XL:     2   Next: 75%
Magic:  5/5        EV: 13    Int: 16    God:
Gold:   112        SH:  0    Dex: 13    Spells: 2/5 levels left

rFire    . . .     SeeInvis .   f - +0 short sword
rCold    . . .     Gourm    .   (shield restricted)
rNeg     . . .     Faith    .   m - +1 leather armour
rPois    .         Spirit   .   (no helmet)
rElec    .         Reflect  .   (no cloak)
rCorr    .         Harm     .   (no gloves)
MR       .....                  (no boots)
Stlth    ++........             (no amulet)
Regen    0.1/turn               h - -2 ring of dexterity (curse)
MPRegen  0.1/turn               (no ring)

@: drained
A: carnivore 3
a: no special abilities


You were on level 2 of the Dungeon.
You were completely stuffed.

You visited 1 branch of the dungeon, and saw 2 of its levels.

You collected 112 gold pieces.

Inventory:

Hand Weapons
 f - a +0 short sword (weapon)
Missiles
 d - 95 stones (quivered)
Armour
 a - a +0 robe
 m - a +1 leather armour (worn)
Jewellery
 h - a cursed -2 ring of dexterity (left hand)
Scrolls
 i - a scroll of enchant armour
 j - 2 scrolls of remove curse {unknown}
 k - 3 scrolls of identify {unknown}
 l - a scroll of fear {unknown}
Books
 b - a book of Conjurations

   Spells                             Type                      Level
   a - Magic Dart                     Conjuration                  1
   b - Searing Ray                    Conjuration                  2
   c - Dazzling Spray                 Conjuration/Hexes            3
   d - Fulminant Prism                Conjuration/Hexes            4
   e - Force Lance                    Conjuration/Translocation    4
   f - Iskenderun's Mystic Blast      Conjuration                  4
Comestibles
 c - 2 meat rations
 g - a chunk of flesh
 n - a royal jelly


   Skills:
 + Level 2.5(1.5) Dodging
 + Level 2.8(1.8) Stealth
 + Level 2.2(1.2) Spellcasting
 + Level 4.5(3.5) Conjurations


You had 2 spell levels left.
You knew the following spells:

 Your Spells              Type           Power        Failure   Level  Hunger
a - Magic Dart            Conj           ##..         9%          1    ##.....
b - Searing Ray           Conj           ##....       14%         2    ###....


Dungeon Overview and Level Annotations

Branches:
Dungeon (2/15)

Altars:
Okawaru

Annotations:
D:2 Terence


Innate Abilities, Weirdness & Mutations

You are small and have problems with some larger weapons.
You are carnivorous and can eat meat at any time.


Message History

Terence barely misses you.
You slide downwards.
The hatch slams shut behind you.
A goblin comes into view. It is wielding a dagger.
Found a scroll labeled HAC QETICIE, 2 bread rations and a potion of curing.
Found an escape hatch in the ceiling.
Found 3 gold pieces.
You see here a scroll labeled HAC QETICIE.
k - 3 scrolls labeled HAC QETICIE (gained 1) Terence hits you with a flail of draining.
* * * LOW HITPOINT WARNING * * *
You feel drained.
As you read the scroll labeled OLIHUQ VENOMO, it crumbles to dust.
It is a scroll of enchant armour.
Your +0 leather armour glows green for a moment.
Okay, then.
You aren't carrying any potions.
You see here a bread ration.
Terence hits you with a flail of draining!
Ouch! That really hurt!
You die...

..# ..# ..# ..
#.# #. #.# #.
#.# #######.##
#.# #.....#$.#
##@##
..<....#.###@..#
.!.......##.%..#
...............#
........####...#
........# #...#
........# #####
......%##
...g...


You could see Terence.

Vanquished Creatures
  A worm (D:1)
  2 bats (D:1)
  A giant cockroach (D:1)
  4 goblins
  A hobgoblin (D:2)
  A frilled lizard (D:1)
  A kobold (D:1)
  3 rats (D:1)
14 creatures vanquished.

Notes
Turn   | Place    | Note
-------+----------+-------------------------------------------
     0 | D:1      | pstr the Kobold Conjurer began the quest for the Orb.
     0 | D:1      | Reached XP level 1. HP: 10/10 MP: 3/3
   273 | D:1      | Reached XP level 2. HP: 15/15 MP: 0/5
   277 | D:1      | Learned a level 2 spell: Searing Ray
  1086 | D:2      | Found an iron altar of Okawaru.
  1134 | D:2      | Noticed Terence
  1206 | D:2      | Slain by Terence

Action                   || total
-------------------------++-------
Melee: Short sword       ||    15
 Cast: Magic Dart        ||    13
       Searing Ray       ||    11
  Use: Scroll            ||     2
       Potion            ||     2
  Eat: Chunk             ||    10
Armor: Robe              ||     1
Dodge: Dodged            ||    11
